 Dungeon Crawl Stone Soup version 0.25-a0-353-ged6d54792d (webtiles) character file.

Game seed: 5362721423563827572, levelgen mode: classic

20020 Borgoz the Cleaver (level 12, -2/112 HPs)
             Began as a Minotaur Gladiator on Jan 3, 2020.
             Was a High Priest of the Shining One.
             Slain by a +6 long sword (8 damage)
             ... on level 13 of the Dungeon.
             The game lasted 00:17:33 (11939 turns).

Borgoz the Cleaver (Minotaur Gladiator)            Turns: 11939, Time: 00:17:34

Health: -2/112     AC: 20    Str: 25    XL:     12   Next: 41%
Magic:  15/15      EV: 17    Int:  5    God:    the Shining One [*****.]
Gold:   570        SH:  0    Dex: 14    Spells: 11/11 levels left

rFire    . . .     SeeInvis .   a - +0 war axe
rCold    . . .     Gourm    .   (no shield)
rNeg     + + .     Faith    .   A - +0 scale mail
rPois    .         Spirit   .   c - +0 hat
rElec    .         Reflect  .   D - +0 cloak
rCorr    .         Harm     .   F - +2 pair of gloves {Str+3}
MR       .....                  l - +0 pair of boots
Stlth    ..........             s - amulet of rage
HPRegen  0.28/turn              y - +5 ring of protection
MPRegen  0.14/turn              (no ring)

@: hasted, glowing, studying Staves, very quick
A: retaliatory headbutt, horns 2
a: Divine Shield, Cleansing Flame, Summon Divine Warrior, Renounce Religion,
Evoke Berserk Rage


You were on level 13 of the Dungeon.
You worshipped the Shining One.
The Shining One was extremely pleased with you.
You were not hungry.

You visited 1 branch of the dungeon, and saw 14 of its levels.

You collected 757 gold pieces.
You spent 187 gold pieces at shops.

Inventory:

Hand Weapons
 a - a +0 war axe (weapon)
Missiles
 d - 6 throwing nets (quivered)
Armour
 c - a +0 hat (worn)
 l - a +0 pair of boots (worn)
 A - a +0 scale mail (worn)
 D - a +0 cloak (worn)
 F - a +2 pair of gloves of strength (worn)
Jewellery
 s - an amulet of rage (around neck)
 y - a +5 ring of protection (left hand)
 B - an uncursed amulet of faith
 E - an uncursed ring of fire
Wands
 j - a wand of iceblast (18)
 r - a wand of paralysis (12)
 x - a wand of disintegration (33)
 L - a wand of flame (8)
Scrolls
 b - a scroll of enchant armour {unknown}
 e - 3 scrolls of fog
 g - 3 scrolls of enchant weapon {unknown}
 i - 10 scrolls of remove curse
 n - 2 scrolls of amnesia {unknown}
 q - 3 scrolls of blinking {unknown}
 t - a scroll of noise {unknown}
 v - 4 scrolls of identify {unknown}
 w - 4 scrolls of teleportation {unknown}
 C - 2 scrolls of immolation {unknown}
 G - a scroll of magic mapping {unknown}
 N - a scroll of acquirement {unknown}
 R - a scroll of holy word {unknown}
Potions
 h - 2 potions of might {unknown}
 k - 3 potions of magic {unknown}
 m - 5 potions of mutation {unknown}
 o - 3 potions of flight {unknown}
 p - 3 potions of ambrosia {unknown}
 u - 3 potions of curing
 z - 4 potions of heal wounds {unknown}
 H - 3 potions of brilliance {unknown}
 I - a potion of cancellation {unknown}
 J - a potion of berserk rage {unknown}
 K - 2 potions of lignification {unknown}
 O - a potion of resistance {unknown}
Books
 Q - a manual of Staves
Comestibles
 f - 23 rations


   Skills:
 * Level 11.8 Fighting
 * Level 12.1 Axes
 - Level 2.0 Throwing
 * Level 11.5 Armour
 * Level 11.2 Dodging
 + Level 6.0 Evocations


You had 11 spell levels left.
You didn't know any spells.
Your spell library contained the following spells:

 Spells                   Type           Power        Failure   Level  Hunger
 Beastly Appendage        Tmut           #.....       71%         1    ##.....
 Sticks to Snakes         Tmut           #.......     85%         2    ###....
 Spider Form              Tmut/Pois      #.........   97%         3    ####...
 Ice Form                 Ice/Tmut       #.......     100%        4    #####..
 Blade Hands              Tmut           #.........   100%        5    ######.
 Bolt of Magma            Conj/Fire/Erth #.........   100%        5    ######.
 Iskenderun's Battlesphe  Conj/Chrm      #.......     100%        5    ######.
 Iron Shot                Conj/Erth      #.........   100%        6    #######
 Orb of Destruction       Conj           #.........   100%        7    #######
 Spellforged Servitor     Conj/Summ      #.........   100%        7    #######


Dungeon Overview and Level Annotations

Branches:
Dungeon (14/15)            Temple (0/1) D:6             Orc (0/2) D:10
   Lair: D:8-11      Vaults: D:13-14

Altars:
Ashenzari
Elyvilon
Fedhas
Gozag
Hepliaklqana
Okawaru
Qazlal
Uskayaw
Vehumet
Wu Jian
Xom
Zin
The Shining One

Shops:
D:7 [   D:8 *:   D:11 *   D:12 %


Innate Abilities, Weirdness & Mutations

You reflexively headbutt those who attack you in melee.
You have a pair of horns on your head.


Message History

* * * LOW HITPOINT WARNING * * *
You feel yourself speed up.
The +6 long sword hits you but does no damage.
The hound stops to sniff the ground.
The +6 long sword hits you!!
* * * LOW HITPOINT WARNING * * *
Found a potion of curing.
The +6 long sword hits you but does no damage.
There is a stone staircase leading up here.
The +6 long sword hits you! The Shining One protects you from harm!
You climb upwards.
There is a stone staircase leading down here.
You slash the +6 long sword!
The +6 long sword is moderately damaged.
You slash the +6 long sword!
You headbutt the +6 long sword, but do no damage.
The +6 long sword is heavily damaged.
The +6 long sword hits you!
You die...

....#..##.......# ###.......#
....'.###.......# #....(....#
....### #.......#####.#.......#
##'## #.............#.......#
##.# #.......#######.......#
#..# ######.## ###.##### #.##
#.# #....# ..# ###.### ####.#
.## #....@# #.# .# #....(#####
#####.## .# #.........#
#......#
.###########.....###.###......#
...........#.....# #..........#
.#########.......# #####......#
.# ###.....# #......# .#
####.## #......# .# #...#
##.#####


You could see a +6 long sword.

Vanquished Creatures
  Josephine (D:10)
  Harold (D:10)
  5 two-headed ogres
  2 centaur warriors (D:13)
  An unseen horror (D:13)
  A deep elf mage (D:14)
  4 cyclopes
  3 gargoyles
  2 tengu conjurers (D:14)
  A troll (D:11)
  A hornet (D:12)
  4 hippogriffs
  2 vampires
  2 wyverns
  5 wraiths
  5 yaks (D:9)
  A hungry ghost (D:11)
  An acid dragon (D:8)
  A soldier ant (D:13)
  A water moccasin (D:7)
  4 orc warriors
  2 sky beasts
  A black bear (shapeshifter) (D:13)
  3 ice beasts
  2 black bears
  A hornet zombie (D:14)
  An eye of draining (D:13)
  2 necrophages
  14 centaurs
  A phantom (D:11)
  7 ogres
  4 big kobolds
  3 bullfrogs
  A wyvern skeleton (D:7)
  7 scorpions
  4 killer bees (D:7)
  4 wights (D:12)
  4 howler monkeys
  9 crimson imps
  2 quasits (D:12)
  A bullfrog zombie (D:7)
  A centaur zombie (D:5)
  5 hounds
  5 orc priests
  2 jellies
  2 bullfrog skeletons (D:11)
  2 centaur skeletons
  3 iguanas
  9 orc wizards
  4 worker ants
  2 hound skeletons
  A worker ant zombie (D:5)
  13 gnolls
  8 adders
  6 shadow imps
  4 oozes
  2 adder skeletons (D:5)
  3 adder zombies
  4 worms
  A dart slug (D:2)
  9 leopard geckos
  48 orcs
  8 giant cockroaches
  7 goblins
  18 hobgoblins
  16 jackals
  50 kobolds
  5 quokkas
  8 bats
  7 frilled lizards
  A jackal zombie (D:7)
  A leopard gecko skeleton (D:8)
  6 rats
382 creatures vanquished.

Vanquished Creatures (others)
  A fungus (D:9)
1 creature vanquished.

Grand Total: 383 creatures vanquished

Notes
Turn   | Place    | Note
-------+----------+-------------------------------------------
     0 | D:1      | Borgoz the Minotaur Gladiator began the quest for the Orb.
     0 | D:1      | Reached XP level 1. HP: 18/18 MP: 0/0
   105 | D:1      | Reached XP level 2. HP: 24/25 MP: 1/1
   174 | D:1      | Reached skill level 1 in Armour
   470 | D:1      | Reached skill level 4 in Axes
   599 | D:2      | Noticed an ogre
   604 | D:2      | Killed an ogre
   604 | D:2      | Reached XP level 3. HP: 31/31 MP: 2/2
   604 | D:2      | Reached XP level 4. HP: 38/38 MP: 3/3
  1114 | D:2      | Reached XP level 5. HP: 45/46 MP: 4/4
  1957 | D:3      | Reached skill level 5 in Axes
  2043 | D:3      | Reached XP level 6. HP: 52/52 MP: 5/5
  2280 | D:3      | Found a white marble altar of Elyvilon.
  2705 | D:4      | Reached skill level 5 in Dodging
  2956 | D:4      | Found a glowing golden altar of the Shining One.
  2983 | D:4      | Found Osut's Gadget Shop.
  3010 | D:4      | Became a worshipper of the Shining One
  3085 | D:4      | Found an ornate altar of the Wu Jian Council.
  3124 | D:4      | Reached skill level 1 in Evocations
  3124 | D:4      | Reached XP level 7. HP: 60/60 MP: 6/6
  3147 | D:4      | Reached skill level 5 in Fighting
  3540 | D:5      | Entered Level 5 of the Dungeon
  3571 | D:5      | Found a hide-covered altar of Uskayaw.
  3571 | D:5      | Noticed a +0 hand axe
  3572 | D:5      | Noticed a -1 hand axe
  3588 | D:5      | Reached skill level 6 in Axes
  3658 | D:5      | Reached * piety under the Shining One
  3673 | D:5      | Reached skill level 5 in Armour
  4116 | D:5      | Found a shattered altar of Ashenzari.
  4116 | D:5      | Found a stormy altar of Qazlal.
  4194 | D:5      | Reached XP level 8. HP: 70/70 MP: 8/8
  4227 | D:5      | Found an iron altar of Okawaru.
  4227 | D:5      | Found a hazy altar of Hepliaklqana.
  4800 | D:6      | Reached skill level 7 in Axes
  4811 | D:6      | Reached ** piety under the Shining One
  5115 | D:6      | Found a staircase to the Ecumenical Temple.
  5203 | D:6      | Reached XP level 9. HP: 76/79 MP: 10/10
  5655 | D:7      | Found Mojoufomn's Antique Armour Shoppe.
  5663 | D:7      | Reached skill level 8 in Axes
  5726 | D:7      | Bought a pair of runed gloves for 187 gold pieces
  5939 | D:7      | Found an opulent altar of Gozag.
  6496 | D:8      | Found a shimmering altar of Xom.
  6609 | D:8      | Noticed a two-headed ogre
  6616 | D:8      | Killed a two-headed ogre
  6616 | D:8      | Reached skill level 9 in Axes
  6616 | D:8      | Reached XP level 10. HP: 90/90 MP: 11/11
  6617 | D:8      | Found Jolerhac's Book Boutique.
  6700 | D:8      | Found the +6 lightning scales {run, rElec}
  6852 | D:8      | Noticed a two-headed ogre
  6861 | D:8      | Killed a two-headed ogre
  7314 | D:8      | Found a glowing silver altar of Zin.
  7315 | D:8      | Found Zin's Purification Station.
  7450 | D:9      | Found a blossoming altar of Fedhas.
  7588 | D:9      | Noticed a six-headed hydra
  7972 | D:9      | Found a radiant altar of Vehumet.
  8012 | D:10     | Entered Level 10 of the Dungeon
  8188 | D:10     | Noticed a two-headed ogre
  8198 | D:10     | Killed a two-headed ogre
  8198 | D:10     | Reached skill level 10 in Axes
  8407 | D:10     | Noticed a gargoyle
  8420 | D:10     | Killed a gargoyle
  8576 | D:10     | Noticed Josephine
  8577 | D:10     | Reached *** piety under the Shining One
  8585 | D:10     | Reached XP level 11. HP: 99/99 MP: 13/13
  8588 | D:10     | Reached skill level 10 in Fighting
  8589 | D:10     | Killed Josephine
  8698 | D:10     | Found a staircase to the Orcish Mines.
  8820 | D:10     | Noticed Harold
  8838 | D:10     | Killed Harold
  9055 | D:11     | Reached skill level 10 in Armour
  9055 | D:11     | Reached skill level 5 in Evocations
  9075 | D:11     | Reached skill level 10 in Dodging
  9160 | D:11     | Reached skill level 11 in Axes
  9526 | D:11     | Found Lysore's Assorted Antiques.
  9529 | D:11     | Reached **** piety under the Shining One
  9706 | D:11     | Noticed a two-headed ogre
  9716 | D:11     | Killed a two-headed ogre
 10007 | D:12     | Noticed a two-headed ogre
 10017 | D:12     | Killed a two-headed ogre
 10205 | D:12     | Reached XP level 12. HP: 110/110 MP: 15/15
 10293 | D:12     | Found Evik's Food Shop.
 10631 | D:13     | Noticed a centaur warrior
 10637 | D:13     | Killed a centaur warrior
 10692 | D:13     | Noticed a centaur warrior
 10700 | D:13     | Killed a centaur warrior
 11510 | D:13     | Reached skill level 12 in Axes
 11879 | D:14     | Noticed a six-headed hydra
 11880 | D:14     | Reached ***** piety under the Shining One
 11925 | D:14     | HP: 3/112 [+6 long sword (20)]
 11936 | D:14     | The Shining One protects you from harm!
 11939 | D:13     | Slain by a +6 long sword

Levels and vault maps discovered:
D:1:      eino_arrival_cavern_e, layout_loops_cross
D:2:      minmay_razor_zed, layout_basic
D:3:      layout_basic, elyvilon_altar_3, minivault_26
D:4:      layout_basic, tso_metal_star, kennysheep_little_box, serial_shops,
          shop
D:5:      minmay_goblin_kobold_castle, layout_cave_pods,
          dancing_weapons_uskayaw, gammafunk_temple_overflow_statue,
          gammafunk_temple_overflow_elements, first_ration
D:6:      layout_cave_pools, minmay_temple_entry_ruins
D:7:      layout_layer_cave, grunt_gozag_statues, serial_shops,
          nicolae_shop_overgrown_old_shop
D:8:      layout_basic, zin_purify, overflow_temple_1_default, serial_shops,
          nicolae_shop_waterfront
D:9:      layout_roguey, vehumet_altar_wand_db, grunt_lair_entry_orc_guard_hut,
          serial_co_window_serial, co_window_paths_a, co_window_paths_b,
          co_window_corner_a, co_window_paths_a, co_window_corner_a,
          co_window_paths_a, co_window_corner_a, co_window_2corner,
          co_window_broadway_c, co_window_corner_b, glass_columns_b,
          glass_columns_b, glass_columns_a, glass_columns_a, glass_columns_a,
          basic_altar
D:10:     wad_crossroads, layout_stronghold, uniq_josephine, uniq_harold
D:11:     layout_roguey, serial_shops, shop
D:12:     layout_loops_cross, serial_shops,
          nicolae_shop_competitors_out_of_business
D:13:     layout_roguey
D:14:     layout_loops_ring, erik_vaults_1, minmay_misc_feat_more_columns,
          hangedman_ranch [blue_anna_fruit_fields]

Skill      XL: |  1  2  3  4  5  6  7  8  9 10 11 12 |
---------------+-------------------------------------+-----
Armour         | 2 3 4 5 6 8 9 10 11 | 11.5
Axes           | 4 5 6 7 9 10 11 12 | 12.1
Fighting       | 3 4 5 7 8 9 11 | 11.8
Dodging        | 4 5 7 8 9 10 11 | 11.2
Evocations     | 1 2 3 4 5 6 |  6.0
Throwing       | |  2.0

Action                   |  1- 3 |  4- 6 |  7- 9 | 10-12 || total
-------------------------+-------+-------+-------+-------++-------
Melee: War axe           |    33 |   169 |   253 |   400 ||   855
       Headbutt          |     4 |    19 |    41 |   106 ||   170
Throw: Throwing net      |       |       |     1 |     1 ||     2
 Abil: Evoke Berserk Rag |       |     3 |     2 |     2 ||     7
Evoke: Wand              |       |       |       |     3 ||     3
  Use: Potion            |       |     2 |     1 |     1 ||     4
       Scroll            |       |     1 |     1 |       ||     2
  Eat: Chunk             |       |     7 |    12 |    20 ||    39
       Ration            |       |     1 |       |       ||     1
Armor: Leather armour    |     8 |    22 |       |       ||    30
       Ring mail         |       |    50 |       |       ||    50
       Scale mail        |       |     6 |   157 |   168 ||   331
Dodge: Dodged            |    19 |   159 |   237 |   327 ||   742

Table legend:
 A = Non-vault XP
 B = Vault XP
 C = Vault XP percentage of total XP
 D = Non-vault monster count
 E = Vault monster count
 F = Vault count percentage of total count
                 A         B        C        D         E       F
            +---------+---------+-------+---------+---------+-------
      Total |   25081 |    3520 |  12.3 |     311 |      71 |  18.6
            +---------+---------+-------+---------+---------+-------
        D:1 |      33 |       0 |   0.0 |      17 |       0 |   0.0
        D:2 |     187 |      26 |  12.2 |      19 |      12 |  38.7
        D:3 |     206 |       0 |   0.0 |      35 |       0 |   0.0
        D:4 |     541 |       0 |   0.0 |      32 |       0 |   0.0
        D:5 |     451 |     410 |  47.6 |      19 |      49 |  72.1
        D:6 |    1002 |       0 |   0.0 |      29 |       0 |   0.0
        D:7 |    1586 |       0 |   0.0 |      23 |       0 |   0.0
        D:8 |    2744 |       0 |   0.0 |      28 |       0 |   0.0
        D:9 |    1348 |       1 |   0.1 |      14 |       1 |   6.7
       D:10 |    2144 |    3083 |  59.0 |      16 |       9 |  36.0
       D:11 |    5762 |       0 |   0.0 |      30 |       0 |   0.0
       D:12 |    2808 |       0 |   0.0 |      28 |       0 |   0.0
       D:13 |    4417 |       0 |   0.0 |      16 |       0 |   0.0
       D:14 |    1852 |       0 |   0.0 |       5 |       0 |   0.0
            +---------+---------+-------+---------+---------+-------
